Map: Ascension to Aiur LE

Players

Stephano - Winner!

  • Race: Zerg Zerg
  • Spawn Location: 5:00

Dayshi

  • Race: Terran Terran
  • Spawn Location: 11:00

Event: WCS Valencia 2017

VOD

Have the link to the VOD?

Description

Time

  • Played on: July 13, 2017, 10:35 a.m.
  • Length: 15:30

All games in this series

Show
View Real Time Build Order
Export as new Build Order

Stephano Zerg - Winner!

Build Orders: Hatch First 

Get SALT Encoding   

  12  0:00  Drone  
  13  0:12  Overlord  
  13  0:17  Drone  
  14  0:31  Drone x2  
  14  0:35  Drone  
  17  0:52  Hatchery  
  17  0:54  Drone  
  17  0:57  Extractor  
  17  0:59  Drone  
  17  1:14  Spawning Pool  
  17  1:16  Drone  
  17  1:20  Drone  
  18  1:29  Drone  
  19  1:40  Overlord  
  19  1:51  Drone  
  20  2:00  Queen, Metabolic Boost  
  22  2:03  Queen  
  22  2:05  Zergling x2  
  26  2:08  Zergling x2  
  26  2:13  Drone  
  28  2:15  Drone  
  28  2:30  Hatchery  
  28  2:33  Drone  
  28  2:39  Queen  
  28  2:44  Drone  
  31  2:47  Drone  
  31  2:49  Drone  
  33  2:52  Overlord  
  33  2:56  Drone  
  34  3:00  Drone x2  
  36  3:06  Overlord  
  36  3:11  Drone x3  
  39  3:13  Drone  
  39  3:15  Drone  
  41  3:20  Queen  
  41  3:23  Drone  
  41  3:27  Zergling x2  
  45  3:28  Drone  
  46  3:36  Overlord  
  46  3:39  Drone x2  
  48  3:44  Drone x2  
  48  3:45  Drone x2  
  48  3:48  Drone x2  
  54  3:51  Queen  
  54  3:52  Drone  
  54  3:53  Drone  
  57  3:57  Spore Crawler, Drone  
  57  4:02  Queen  
  59  4:04  Drone  
  59  4:05  Drone  
  61  4:11  Evolution Chamber  
  61  4:12  Drone  
  61  4:15  Evolution Chamber  
  61  4:16  Spore Crawler  
  59  4:18  Zergling x6  
  59  4:23  Drone x2  
  64  4:24  Drone  
  64  4:26  Spore Crawler, Drone  
  65  4:32  Overlord  
  65  4:39  Spore Crawler, Overlord  
  65  4:41  Overlord  
  65  4:42  Drone  
  65  4:43  Overlord  
  65  4:44  Drone  
  66  4:47  Zerg Ground Armor Level 1  
  66  4:51  Overlord  
  66  4:53  Drone  
  66  4:57  Overlord  
  66  4:59  Drone x2, Zerg Missile Weapons Level 1  
  69  5:01  Extractor x2  
  69  5:04  Zergling x2, Overlord  
  69  5:05  Zergling x4  
  69  5:09  Drone  
  70  5:17  Zergling x8  
  70  5:20  Overlord  
  71  5:31  Zergling x4  
  68  5:40  Drone x6  
  69  5:45  Drone  
  69  5:48  Drone x2  
  69  5:49  Lair  
  72  5:50  Extractor, Drone  
  72  5:51  Drone  
  72  5:52  Extractor  
  72  5:55  Hatchery, Drone x3  
  72  5:56  Queen  
  74  6:00  Drone x3  
  74  6:03  Zergling x2  
  80  6:06  Baneling Nest  
  80  6:07  Overlord  
  80  6:10  Overlord  
  78  6:12  Drone  
  78  6:15  Drone  
  78  6:16  Drone  
  79  6:22  Zergling x6  
  80  6:29  Overlord  
  81  6:32  Extractor, Drone  
  81  6:33  Queen  
  81  6:36  Drone  
  81  6:41  Overlord  
  81  6:45  Drone x2  
  81  6:46  Drone x2  
  85  6:47  Drone  
  85  6:50  Queen  
  88  6:56  Baneling  
  88  6:57  Zerg Missile Weapons Level 2, Zerg Ground Armor Level 2  
  89  7:01  Zergling x8  
  89  7:03  Zergling x2  
  89  7:04  Zergling x2  
  89  7:06  Zergling x2  
  89  7:07  Zergling x4  
  96  7:08  Zergling x2  
  96  7:16  Centrifical Hooks  
  96  7:17  Hydralisk Den  
  96  7:18  Drone x3  
  96  7:19  Drone x2  
  96  7:22  Drone  
  101  7:24  Drone x3  
  101  7:25  Drone  
  101  7:27  Drone  
  106  7:31  Queen  
  108  7:38  Pneumatized Carapace  
  106  7:45  Overlord  
  106  7:46  Drone x3  
  106  7:48  Hydralisk x5  
  119  7:52  Muscular Augments  
  119  7:55  Baneling x3  
  119  7:57  Hydralisk x2  
  123  8:03  Hydralisk x3  
  129  8:14  Hydralisk x5  
  138  8:20  Hydralisk, Infestation Pit  
  138  8:21  Extractor  
  138  8:26  Hydralisk x2, Overlord  
  140  8:33  Zergling x4  
  144  8:35  Zergling x22  
  144  8:37  Drone  
  156  8:44  Hydralisk x4  
  156  8:46  Overlord  
  164  8:53  Extractor  
  164  8:55  Zergling x16  
  163  9:07  Hive  
  163  9:09  Zergling x22  
  174  9:11  Baneling x4  
  174  9:17  Drone  
  174  9:24  Overlord x2  
  175  9:27  Zerg Melee Weapons Level 1  
  175  9:34  Overlord x4  
  173  9:43  Overseer  
  173  9:46  Overlord  
  173  9:47  Overlord  
  172  9:58  Hydralisk x11  
  172  9:59  Hatchery  
  193  10:03  Baneling x9  
  193  10:13  Drone x3  
  196  10:19  Overseer x3  
  196  10:23  Ultralisk Cavern  
  196  10:25  Zerg Ground Armor Level 3  
  192  10:32  Zergling x26  
  192  10:33  Zergling x2  
  198  10:37  Zergling x2  
  199  10:45  Zergling x8  
  183  10:53  Zergling x4  
  183  10:57  Zergling x16  
  185  11:06  Overlord  
  185  11:14  Chitinous Plating  
  184  11:29  Ultralisk  
  184  11:30  Ultralisk x3  
  199  11:33  Zerg Melee Weapons Level 2  
  199  11:45  Adrenal Glands  
  199  11:57  Spore Crawler, Drone  
  199  11:59  Spore Crawler  
  199  12:00  Spore Crawler  
  199  12:01  Drone  
  198  12:10  Baneling x4  
  184  12:59  Viper x2  
  184  13:00  Viper  
  177  13:08  Zergling x28  
  191  13:16  Ultralisk x2  
  197  13:21  Overlord  
  197  13:27  Extractor  
  197  13:28  Extractor  
  197  13:32  Overseer  
  195  13:39  Hatchery  
  193  13:44  Hatchery  
  175  13:54  Zergling x6  
  175  13:55  Zergling x32  
  191  14:11  Zergling x2  
  191  14:12  Zergling x16  
  200  14:23  Zergling x2  
  200  14:24  Zergling x4  
  199  14:27  Spine Crawler  
  188  14:31  Zergling x8  
  188  14:32  Zergling x6  
  195  14:39  Baneling x15  
  195  14:40  Baneling x7  
  195  14:41  Queen x2  
  199  14:46  Zergling x2  
  200  14:54  Baneling x13  
  186  15:10  Zergling x2  
  186  15:11  Zergling x32  
Show
View Real Time Build Order
Export as new Build Order

Dayshi Terran 

Build Orders: Reaper Expand, Hellion Banshee, MMM Bio 

Get SALT Encoding   

  12  0:00  SCV  
  13  0:12  SCV  
  14  0:17  Supply Depot  
  14  0:25  SCV  
  15  0:28  Refinery  
  15  0:39  SCV  
  16  0:44  Barracks  
  16  0:51  SCV  
  17  1:03  SCV  
  18  1:15  SCV  
  19  1:32  Orbital Command, Reaper  
  20  1:43  Command Center  
  20  1:53  Factory  
  20  1:57  SCV  
  21  2:06  Barracks Reactor  
  21  2:07  Supply Depot  
  21  2:10  SCV  
  21  2:14  Refinery  
  22  2:22  SCV  
  23  2:34  SCV  
  24  2:42  Starport  
  24  2:46  SCV  
  24  2:53  Hellion x2  
  24  2:55  Orbital Command  
  24  2:57  Barracks Tech Lab  
  28  2:58  SCV  
  29  3:12  SCV  
  30  3:15  Hellion x2  
  34  3:24  SCV, Cloaking Field  
  34  3:25  Banshee  
  38  3:28  SCV  
  38  3:32  Barracks Tech Lab  
  39  3:36  SCV  
  39  3:37  Supply Depot  
  40  3:43  SCV  
  40  3:44  Hellion x2  
  45  3:51  Marine  
  45  3:52  Stimpack  
  46  3:59  SCV x2, Supply Depot  
  48  4:10  Banshee  
  48  4:11  SCV x2  
  53  4:21  Hellion x2  
  53  4:23  SCV x2, Supply Depot  
  53  4:24  Marine  
  60  4:35  SCV x2  
  62  4:43  Command Center  
  58  4:46  Supply Depot  
  58  4:47  SCV  
  58  4:48  SCV  
  60  5:00  Marine  
  60  5:04  Barracks  
  60  5:05  SCV x2  
  60  5:06  Barracks  
  63  5:08  Engineering Bay x2, Starport Reactor  
  63  5:11  Factory Reactor  
  63  5:17  SCV x2  
  63  5:19  Marine  
  66  5:22  Engineering Bay, Supply Depot  
  66  5:24  Engineering Bay  
  66  5:29  SCV x2  
  61  5:41  Marine, SCV  
  61  5:42  SCV  
  62  5:43  Terran Infantry Armor Level 1, Refinery, Terran Infantry Weapons Level 1  
  62  5:44  Refinery  
  62  5:48  Supply Depot  
  56  5:51  Medivac x2  
  56  5:52  Marine x2  
  56  5:56  SCV  
  63  5:57  Orbital Command  
  63  5:59  SCV  
  63  6:00  Marine  
  65  6:06  Marine x2  
  65  6:09  Siege Tank  
  71  6:11  SCV x2  
  71  6:13  Marine x2  
  71  6:17  Supply Depot  
  74  6:18  Supply Depot  
  74  6:20  Marine  
  74  6:24  Marine  
  74  6:25  SCV x2  
  78  6:32  Orbital Command  
  78  6:36  Marine x2  
  78  6:37  Combat Shields  
  78  6:39  Marine  
  78  6:41  SCV x2  
  78  6:44  Barracks x2  
  78  6:45  Armory  
  80  6:50  Marine x2  
  82  6:56  Marine, Medivac x2  
  82  6:58  SCV x2  
  82  7:01  Marine x2  
  89  7:08  Marine x2  
  91  7:14  Marine  
  89  7:16  Siege Tank, SCV  
  89  7:17  SCV  
  89  7:19  Marine x2, SCV  
  97  7:26  Marine, Medivac x2  
  97  7:27  Supply Depot  
  97  7:28  Supply Depot  
  97  7:29  SCV x2  
  104  7:34  Marine  
  104  7:36  Barracks Reactor  
  105  7:37  Barracks Reactor, SCV  
  105  7:41  SCV x2  
  105  7:43  Terran Infantry Weapons Level 2  
  108  7:49  Marine x2, Supply Depot  
  111  7:51  Marine x2  
  111  7:52  Bunker  
  111  7:56  Marine  
  113  7:58  Refinery  
  113  7:59  Refinery, Supply Depot  
  113  8:07  Marine  
  113  8:09  Marine  
  113  8:10  Marine x2  
  117  8:13  Terran Infantry Armor Level 2  
  117  8:14  Barracks x2  
  117  8:17  Marine, Barracks, Medivac x2  
  117  8:18  Marine x4  
  123  8:25  Marine  
  124  8:29  Marine x2  
  124  8:30  Marine  
  124  8:32  Supply Depot  
  124  8:33  Siege Tank, Supply Depot  
  130  8:35  Marine  
  130  8:36  Marine x3  
  130  8:38  Marine  
  135  8:46  Concussive Shells  
  135  8:47  Marine x2, Command Center  
  135  8:48  Liberator x2  
  137  8:51  Marine x2  
  134  8:56  Marine x3  
  136  9:05  Siege Tank  
  136  9:06  Marine x2  
  136  9:09  Marauder  
  149  9:10  Barracks Reactor, Barracks Tech Lab  
  149  9:11  Barracks Tech Lab  
  149  9:12  Marine x2  
  149  9:16  Marine x3  
  154  9:21  Marine  
  155  9:24  Marine x2  
  155  9:29  Marauder, Marine x2  
  155  9:30  Marine  
  162  9:37  Siege Tank, Marine x4  
  165  9:39  Marine  
  165  9:42  Marine  
  165  9:43  Supply Depot  
  165  9:49  Marauder, Marine  
  165  9:51  Marauder  
  169  9:56  Marauder  
  169  9:58  Marine x3  
  174  10:05  Supply Depot  
  174  10:06  Marine  
  174  10:07  Marine x2  
  175  10:10  Marauder, Marine x2  
  175  10:12  Marauder  
  175  10:13  Marine, Supply Depot  
  184  10:17  Marauder  
  186  10:21  Marine  
  186  10:24  Marine x2  
  186  10:28  Siege Tank  
  190  10:31  Marauder  
  190  10:32  Marine  
  190  10:33  Marauder, Marine  
  190  10:34  Planetary Fortress  
  175  10:38  Marauder  
  176  10:43  Marine  
  148  10:50  Marine x3  
  148  10:51  Medivac  
  148  10:53  Marauder  
  148  10:55  Marauder  
  148  10:56  Marine x2  
  148  10:57  Marine x4  
  136  11:00  Siege Tank, Marauder, Unknown x2  
  136  11:01  Unknown x2, Marine  
  144  11:06  Liberator x2  
  144  11:07  Marine  
  144  11:08  Marine x2  
  147  11:14  Marauder, Marine x2  
  147  11:16  Marauder  
  155  11:21  Marauder, Marine x2  
  155  11:24  Terran Infantry Weapons Level 3  
  163  11:32  Siege Tank  
  162  11:39  Marine, Terran Infantry Armor Level 3  
  164  11:40  Marauder x2, Marine  
  164  11:46  Marauder, Marine x4  
  174  11:50  Liberator  
  175  12:01  Marauder, Marine  
  175  12:02  Marauder, Marine x4  
  175  12:03  Liberator  
  175  12:04  Siege Tank  
  175  12:08  Marauder  
  190  12:14  Sensor Tower  
  190  12:20  Starport x2  
  190  12:21  Marine  
  196  12:23  Marauder  
  196  12:25  Refinery  
  196  12:26  SCV x3  
  199  12:35  Marine  
  200  12:47  Marauder, Marine  
  200  12:55  Unknown x8  
  193  13:02  Marauder, Marine x2  
  180  13:08  Marine x2  
  180  13:09  Marauder  
  181  13:16  Marine x3  
  181  13:17  Marauder, Marine x2  
  181  13:19  Liberator x2  
  187  13:31  Command Center  
  187  13:34  Command Center  
  187  13:36  Siege Tank, Refinery  
  187  13:38  Orbital Command, Starport Reactor  
  187  13:39  Refinery  
  196  13:43  Starport Tech Lab  
  196  13:48  Marauder, Marine  
  196  13:52  Bunker  
  195  13:58  Marauder  
  195  13:59  Marine  
  196  14:05  Marauder  
  196  14:08  Marine x3  
  194  14:10  Marauder  
  194  14:12  Liberator  
  194  14:13  Liberator  
  193  14:28  Marauder, Marine x3  
  189  14:34  Fusion Core  
  189  14:40  Marauder x2  
  189  14:43  Ghost Academy  
  193  14:51  Marauder  
  195  14:59  Sensor Tower  
  189  15:02  Marauder x2, Marine  
  189  15:03  Marine  
  189  15:06  Marine  
  189  15:07  Marine  
  153  15:09  Marine x2  
Tags
 
Add a new tag
Caveats
  • Supply blocks, unpowered buildings, or Contaminate may cause inaccurate times.
  • Supply counts are checked every 10 seconds.